 Dungeon Crawl Stone Soup version 0.32-a0-558-g233958a4c4 (webtiles) character file.

Game seed: 2873040619786674781

2612 Leszczynek the Changeling (level 9, -3/81 HPs)
             Began as an Oni Alchemist on Mar 1, 2024.
             Was a Follower of the Shining One.
             Slain by a two-headed ogre
             ... wielding a +0 giant spiked club
              (23 damage)
             ... on level 8 of the Dungeon.
             The game lasted 00:32:14 (3693 turns).

Leszczynek the Changeling (Oni Alchemist)           Turns: 3693, Time: 00:32:15

Health: -3/81      AC:  7    Str: 19    XL:     9   Next: 60%
Magic:  12/12      EV: 10    Int: 16    God:    the Shining One [*.....]
Gold:   397        SH:  6    Dex: 13    Spells: 9/12 levels left

rFire   + . .        a - melded +4 hand axe of Ragnarok {flame, rPois Str+2}
rCold   . . .        (shield currently unavailable)
rNeg    + . .        E - melded +0 robe
rPois   +            (helmet currently unavailable)
rElec   .            i - melded +2 cloak
rCorr   .            (gloves unavailable)
SInv    .            (boots unavailable)
Will    .....        B - amulet of magic regeneration
Stlth   +            x - ring of positive energy
HPRegen 0.33/turn    o - ring of protection from fire
MPRegen 0.53/turn

%: no passive effects
@: divinely shielded, snake-form, glowing
A: constrict, reduced hp, large, unfitting armour, (horns 1), (tough skin 1),
double potion healing, drunken brawling
a: Begin Untransformation, Renounce Religion, Divine Shield


You were on level 8 of the Dungeon.
You worshipped the Shining One.
The Shining One was aware of your devotion.
You were an enormous serpent.
You visited 2 branches of the dungeon, and saw 9 of its levels.

You collected 397 gold pieces.

Inventory:

Hand Weapons
 a - the +4 hand axe of Ragnarok (melded) {flame, rPois Str+2}
   (You found it on level 4 of the Dungeon)

   Str+2:     It affects your strength (+2).
   rPois:     It protects you from poison
 b - a +0 flail
 c - a +0 halberd
Missiles
 q - 19 poisoned darts
Armour
 i - a +2 cloak (melded)
 E - a +0 robe (melded)
Jewellery
 o - a ring of protection from fire (right hand)
 x - a ring of positive energy (left hand)
 B - an amulet of magic regeneration (around neck)
Talismans
 z - a beast talisman
 F - a serpent talisman (active)
Wands
 t - a wand of roots (17)
Scrolls
 f - a scroll of noise {!r}
 k - 3 scrolls of revelation
 l - a scroll of poison {unknown}
 m - 2 scrolls of enchant weapon
 n - a scroll of fear {unknown}
 p - a scroll of teleportation {unknown}
 s - a scroll of silence {unknown}
 v - a scroll of immolation {unknown}
 A - a scroll of acquirement {unknown}
Potions
 d - a potion of resistance
 e - a potion of enlightenment {unknown}
 g - a potion of lignification {!q}
 h - a potion of degeneration
 r - a potion of brilliance {unknown}
 u - a potion of mutation {unknown}
 w - a potion of ambrosia {unknown}
 y - 2 potions of magic
 C - a potion of cancellation {unknown}
 D - a potion of berserk rage {unknown}


   Skills:
 - Level 6.0 Fighting
 - Level 1.7 Dodging
 - Level 1.4 Stealth
 + Level 7.5 Unarmed Combat
 - Level 2.4 Spellcasting
 - Level 0.8 Conjurations
 - Level 2.6 Alchemy
 + Level 7.6 Shapeshifting


You had 9 spell levels left.
You knew the following spells:

 Your Spells              Type           Power      Damage    Failure   Level
a - Sting                 Conj/Alch      28%        1d4       10%         1
b - Mercury Vapours       Alch/Air       12%        N/A       17%         2

Your spell library contained the following spells:

 Spells                   Type           Power      Damage    Failure   Level
 Mephitic Cloud           Conj/Alch/Air  5%         N/A       36%         3
 Volatile Blastmotes      Fire/Tloc      2%         2d10      52%         3
 Olgreb's Toxic Radiance  Alch           10%        N/A       54%         4
 Fulminant Prism          Conj/Alch      3%         3d5       67%         4
 Sticky Flame             Fire/Alch      6%         2d4       75%         4
 Iskenderun's Mystic Bla  Conj/Tloc      3%         2d3       86%         4


Dungeon Overview and Level Annotations

Branches:
Dungeon (8/15)             Temple (1/1) D:4
   Lair: D:8-11

Altars:
Ashenzari
Cheibriados
Dithmenos
Elyvilon
Gozag
Hepliaklqana
Makhleb
Nemelex Xobeh
Okawaru
Ru
Sif Muna
Uskayaw
Vehumet
Wu Jian
Xom
Yredelemnul
Zin
The Shining One

Annotations:
D:2 Sigmund


Innate Abilities, Weirdness & Mutations

You are an enormous serpent.
You have a powerful constriction melee attack.
Your maximum health is decreased, since you lack skill for your form.
Your armour is entirely melded.
You are incapable of wielding weapons or throwing items.
You are too large for most types of armour.
((You have a pair of small horns on your head.))
((You have tough skin. (AC +1)))
You gain doubled healing and magic from potions.
Whenever you drink a healing potion, you attack all around you.


Message History

The two-headed ogre completely misses you.
The orc hits you with a +0 hand axe.
There is a stone staircase leading up, spattered with blood here.
The orc attacks as it pursues you! The orc hits you but does no damage.
A divine shield forms around you! The orc hits you but does no damage.
The orc attacks as it pursues you! You block the orc's attack.
You body-slam the orc!!
You kill the orc!
Okay, then.
Casting: Mercury Vapours (safe; 17% risk of failure)
Confirm with . or Enter, or press ? or * to list all spells.
Aiming: Mercury Vapours (safe; 17% risk of failure)
Press: ? - help, Dir - move target, f - two-headed ogre
Aim: a two-headed ogre, wielding a +0 giant spiked club and a +0 giant club (chance to weaken: 0%) Fumes of mercury billow around the two-headed ogre!
The two-headed ogre is poisoned.
You hit the two-headed ogre. You grab the two-headed ogre.
The two-headed ogre is lightly wounded.
You constrict the two-headed ogre.
The two-headed ogre hits you with a +0 giant spiked club!!
The two-headed ogre barely misses you.
You lash the two-headed ogre!
The two-headed ogre is moderately wounded.
You constrict the two-headed ogre.
The two-headed ogre hits you with a +0 giant spiked club!!
* * * LOW HITPOINT WARNING * * *
You block the two-headed ogre's attack.
Unknown command.
Unknown command.
You hit the two-headed ogre.
The two-headed ogre is heavily wounded.
You constrict the two-headed ogre.
Unknown command.
Okay, then.
You take a swig of the potion and flex your muscles.
You lash the two-headed ogre!
The two-headed ogre is severely wounded.
You savour every drop.
You feel better.
You constrict the two-headed ogre.
The two-headed ogre hits you with a +0 giant spiked club!!
You die...

.... .##..
.... ....#
..... ##.(.
.....###...#
#.........#
#...!....#
#...O#)..#
#<#..##
#....#.OS.#
#.........#
#.....$...#
####..#.#...
##...##...
###.# .P.
... .... ..
.....


You could see a two-headed ogre (very poisoned).

Vanquished Creatures
  A wyvern (D:7)
  A steam dragon (D:7)
  3 water moccasins
  Duvessa (D:6)
  3 ice beasts
  An ogre (D:6)
  A centaur (D:6)
  A kobold brigand (D:7)
  A bullfrog (D:7)
  A gnoll sergeant (D:6)
  2 scorpions
  Dowan (D:6)
  A bombardier beetle (D:3)
  4 howler monkeys
  5 hounds
  5 orc priests
  A gnoll bouda (D:6)
  A jelly (D:6)
  4 orc wizards
  Natasha (twice) (D:2)
  An iguana (D:6)
  23 gnolls
  6 adders
  2 ufetubi (D:6)
  A ribbon worm (D:2)
  5 dart slugs
  21 orcs
  4 endoplasms
  2 giant cockroaches
  4 goblins
  7 hobgoblins
  8 jackals
  3 quokkas
  8 ball pythons
  4 bats
  A frilled lizard (D:3)
  12 kobolds
  7 rats
159 creatures vanquished.

Notes
Turn   | Place    | Note
-------+----------+-------------------------------------------
     0 | D:1      | Leszczynek the Oni Alchemist began the quest for the Orb.
     0 | D:1      | Reached XP level 1. HP: 16/16 MP: 3/3
     0 | D:1      | >serpent talisman
     0 | D:1      | well now I know what I'm doing
   151 | D:1      | Reached skill level 1 in Fighting
   196 | D:1      | Reached XP level 2. HP: 27/27 MP: 1/5
   242 | D:1      | Learned a level 2 spell: Mercury Vapours
   354 | D:1      | Reached skill level 2 in Fighting
   461 | D:2      | Found a faded altar of an unknown god.
   469 | D:2      | Reached skill level 1 in Unarmed Combat
   469 | D:2      | Reached skill level 1 in Shapeshifting
   469 | D:2      | Reached XP level 3. HP: 36/36 MP: 2/6
   616 | D:2      | Noticed Natasha
   624 | D:2      | Killed Natasha
   625 | D:2      | Reached skill level 3 in Fighting
   625 | D:2      | Reached XP level 4. HP: 24/45 MP: 1/7
   645 | D:2      | Noticed Natasha
   656 | D:2      | Killed Natasha
   824 | D:2      | Noticed Sigmund
   896 | D:3      | Reached skill level 4 in Fighting
   997 | D:3      | Found a hazy altar of Hepliaklqana.
  1011 | D:3      | Reached skill level 2 in Shapeshifting
  1011 | D:3      | Reached XP level 5. HP: 52/55 MP: 4/8
  1031 | D:3      | Reached skill level 2 in Unarmed Combat
  1321 | D:4      | Identified the +4 hand axe of Ragnarok {flame, rPois Str+2}
  1401 | D:4      | Reached skill level 5 in Fighting
  1422 | D:4      | Reached XP level 6. HP: 66/66 MP: 3/9
  1615 | D:4      | Found a staircase to the Ecumenical Temple.
  1624 | Temple   | Entered the Ecumenical Temple
  1637 | Temple   | Became a worshipper of the Shining One
  1894 | D:5      | Entered Level 5 of the Dungeon
  1949 | D:5      | Reached skill level 6 in Fighting
  2032 | D:5      | Reached skill level 3 in Unarmed Combat
  2032 | D:5      | Reached skill level 3 in Shapeshifting
  2035 | D:5      | Reached XP level 7. HP: 65/75 MP: 5/10
  2161 | D:5      | Found an ornate altar of the Wu Jian Council.
  2266 | D:5      | Reached skill level 4 in Unarmed Combat
  2266 | D:5      | Reached skill level 4 in Shapeshifting
  2307 | D:6      | Noticed Duvessa
  2308 | D:6      | Noticed Dowan
  2333 | D:6      | Killed Duvessa
  2334 | D:6      | Reached XP level 8. HP: 57/83 MP: 9/11
  2347 | D:6      | HP: 16/83 [water moccasin (7)]
  2489 | D:6      | Killed Dowan
  2504 | D:6      | Reached skill level 5 in Unarmed Combat
  2504 | D:6      | Reached skill level 5 in Shapeshifting
  2534 | D:6      | Reached * piety under the Shining One
  2625 | D:6      | HP: 3/83 [ogre/+0 giant club (22)]
  2644 | D:6      | HP: 9/83 [gnoll/+0 club[a gnoll sergeant] (1)]
  2784 | D:6      | Reached skill level 6 in Shapeshifting
  2811 | D:6      | Reached skill level 6 in Unarmed Combat
  3097 | D:6      | Reached XP level 9. HP: 86/89 MP: 8/12
  3425 | D:7      | Reached skill level 7 in Shapeshifting
  3444 | D:7      | Reached skill level 7 in Unarmed Combat
  3475 | D:7      | Identified the +7 short sword of the Burnt God {flame,
                  | ^Fragile rC++}
  3586 | D:8      | Noticed a two-headed ogre
  3691 | D:8      | HP: 9/81 [two-headed ogre/+0 giant spiked club (24)]
  3693 | D:8      | Slain by a two-headed ogre

Illustrated notes

##...###.....
# ......#...!
#. .....#...
... .......
....#...%.
.........
#.......#
#......@#
###...###
..... ....
... ##


Turn 0 on D:1: >serpent talisman

Levels and vault maps discovered:
D:1:      minmay_arrival_open_corners, layout_loops_cross
D:2:      layout_basic, shapermc_ecumenical_altar_acropolis,
          nicolae_concentric_dashed_squares_wild, uniq_sigmund, uniq_natasha
D:3:      layout_loops_ring, nzn_hepliaklqana_mist_gate, minivault_19
D:4:      layout_basic, fedhas_altar_decomposition, minmay_temple_entry_slanted,
          corner_web_ring, grunt_decor_fettered, grunt_decor_junction
D:5:      layout_basic, nicolae_wu_jian_wuxing_cycle
D:6:      layout_basic, minmay_misc_feat_x, uniq_duvessa
D:7:      layout_basic, st_stairs_12
D:8:      layout_rooms, serial_shops, shop_statue, minmay_misc_feat_plants,
          st_stairs_14
Temple:   eino_temple_scatter_basement

Skill      XL: |  1  2  3  4  5  6  7  8  9 |
---------------+----------------------------+-----
Fighting       | 1 2 3 4 5 6 |  6.0
Unarmed Combat | 1 2 3 4 6 7 |  7.5
Shapeshifting  | 1 2 3 4 6 7 |  7.6
Dodging        | |  1.7
Stealth        | |  1.4
Spellcasting   | |  2.4
Conjurations   | |  0.8
Alchemy        | |  2.6

Action                     |  1- 3 |  4- 6 |  7- 9 || total
---------------------------+-------+-------+-------++-------
  Melee: Short sword       |    37 |       |       ||    37
         Headbutt          |    10 |    20 |    41 ||    71
         Mace              |    12 |    60 |       ||    72
         Hand axe          |       |    81 |   172 ||   253
         Unarmed           |       |       |     4 ||     4
         Constrict         |       |       |     1 ||     1
   Cast: Sting             |    24 |    40 |    12 ||    76
         Mercury Vapours   |     3 |    18 |    26 ||    47
 Invoke: Divine Shield     |       |       |     2 ||     2
Ability: Begin Untransform |       |       |     1 ||     1
  Evoke: Wand              |       |       |     3 ||     3
    Use: Scroll            |       |       |     4 ||     4
         Potion            |       |       |     4 ||     4
 Armour: Robe              |    33 |    94 |   171 ||   298
         Skin              |       |       |     7 ||     7
  Dodge: Dodged            |    23 |   106 |   114 ||   243
  Block: Other             |       |       |     2 ||     2
   Form: Serpent           |       |       |     2 ||     2

Table legend: (Time is in decaauts)
 A = Elapsed time spent in this place.
 B = Non-inter-level travel time spent in this place.
 C = Inter-level travel time spent in this place.
 D = Time resting spent in this place.
 E = Time spent auto-exploring this place.
 F = Levels seen in this place.
 G = Mean time per level.
                   A        B        C        D        E       F      G
               +--------+--------+--------+--------+--------+-----+--------+
         Total |   3860 |   3194 |    666 |      0 |      0 |   9 |  428.9 |
       Dungeon |   3833 |   3191 |    642 |      0 |      0 |   8 |  479.1 |
        Temple |     26 |      2 |     24 |      0 |      0 |   1 |   26.0 |
               +--------+--------+--------+--------+--------+-----+--------+

Top non-repeatable levels by time:
     D:5: 838 daAuts
     D:6: 579 daAuts
     D:4: 574 daAuts
     D:7: 485 daAuts
     D:3: 474 daAuts
     D:1: 434 daAuts
     D:2: 433 daAuts
  Temple: 26 daAuts
     D:8: 13 daAuts
